 Dungeon Crawl Stone Soup version 0.22.0-75-g3901e79 (webtiles) character file.

38 jerryfan the Ruffian (level 3, -1/29 HPs)
             Began as a Draconian Transmuter on Sept 13, 2018.
             Slain by Crazy Yiuf
             ... wielding a +4 quarterstaff of chaos
              (2 damage)
             ... on level 2 of the Dungeon.
             The game lasted 00:03:36 (1657 turns).

jerryfan the Ruffian (Draconian Transmuter)         Turns: 1657, Time: 00:03:37

Health: -1/29      AC:  7    Str: 12    XL:     3   Next: 25%
Magic:  1/6        EV: 12    Int: 14    God:
Gold:   97         SH:  0    Dex: 11    Spells: 0/6 levels left

rFire    . . .     SeeInvis .     - Unarmed
rCold    . . .     Gourm    .   (no shield)
rNeg     . . .     Faith    .   (armour unavailable)
rPois    .         Spirit   .   d - +2 hat
rElec    .         Reflect  .   (no cloak)
rCorr    .         Harm     .   (no gloves)
MR       .....                  (boots currently unavailable)
Stlth    +.........             (no amulet)
HPRegen  0.09/turn              (no ring)
MPRegen  0.10/turn              (no ring)

@: lethally poisoned (-1 -> -12), appendage, drained
A: unfitting armour, talons 3, cold-blooded, AC +5
a: End Transformation


You were on level 2 of the Dungeon.
You were not hungry.
You had grown temporary talons.
You visited 1 branch of the dungeon, and saw 2 of its levels.

You collected 97 gold pieces.

Inventory:

Missiles
 a - 58 arrows
 f - a throwing net (quivered)
Armour
 d - a +2 hat (worn)
Jewellery
 j - an uncursed amulet of guardian spirit
Potions
 e - a potion of ambrosia {unknown}
 g - 2 potions of berserk rage {unknown}
 i - 2 potions of curing {unknown}
 k - a potion of might {unknown}
Comestibles
 c - 3 rations


   Skills:
 + Level 1.7(1.4) Fighting
 + Level 2.1(1.7) Dodging
 + Level 3.2(2.8) Unarmed Combat
 + Level 2.2(1.8) Spellcasting
 * Level 2.6(2.2) Transmutations


You couldn't memorise any spells.
You knew the following spells:

 Your Spells              Type           Power        Failure   Level  Hunger
a - Beastly Appendage     Tmut           #.....       10%         1    ##.....
b - Sticks to Snakes      Tmut           #.......     14%         2    ###....
c - Spider Form           Tmut/Pois      #.........   41%         3    ####...

Your spell library contained the following spells:

 Spells                   Type           Power        Failure   Level  Hunger
 Ice Form                 Ice/Tmut       #.......     83%         4    #####..
 Blade Hands              Tmut           #.........   95%         5    ######.


Dungeon Overview and Level Annotations

Branches:
Dungeon (2/15)

Altars:
Hepliaklqana
Qazlal
The Shining One

Annotations:
D:2 Crazy Yiuf


Innate Abilities, Weirdness & Mutations

Your plain brown scales are hard. (AC +5)
You cannot fit into any form of body armour.
You are cold-blooded and may be slowed by cold attacks.
You have claws for feet.


Message History

Crazy Yiuf hits you with a quarterstaff of chaos!
You are poisoned.
There is an open door, spattered with blood here.
You closely miss Crazy Yiuf.
You feel sick.
Your ball python bites Crazy Yiuf but does no damage.
Your ball python barely misses Crazy Yiuf.
Crazy Yiuf hits you with a quarterstaff of chaos.
You hit Crazy Yiuf but do no damage. Your kick misses Crazy Yiuf.
You feel sick.
Your ball python bites Crazy Yiuf but does no damage.
Your ball python completely misses Crazy Yiuf.
You hit Crazy Yiuf. You claw Crazy Yiuf.
Crazy Yiuf is moderately wounded.
You feel sick.
Crazy Yiuf yells, "Cod agre sing!"
Crazy Yiuf hits you with a quarterstaff of chaos!
Ouch! That really hurt!
* * * LOW HITPOINT WARNING * * *
You feel drained.
You die...

##+#....#######..................
#.....).......#>...........)....#
#....#################.###....#..
#....####### #.####.#....
#..........# ##### #...........
#...)#.....# #..)# #...........
####.#.##### #...# ####........
#.#.# #.gS# ####...#.#.. #.#.#
#@# #......#.#.# #.#.# ♣♣.♣
#........#.# #.#.# ♣.♣♣
######.###.# #.#.# ♣♣.♣
#........... #.#.##### ♣.♣♣
###......... #.......# ♣♣.♣♣
#......###.# ###.##### ♣.P.♣♣
##.....###.. ######'##### ♣.PP.♣
#.........# ......<....# #....#
##......##.#


You could see Crazy Yiuf and a friendly ball python.

Vanquished Creatures
  2 worms (D:2)
  A leopard gecko (D:2)
  A bat (D:1)
  4 giant cockroaches
  5 goblins
  2 hobgoblins
  2 kobolds
  A ball python (D:1)
  3 frilled lizards
  6 rats (D:2)
27 creatures vanquished.

Vanquished Creatures (collateral kills)
  An ooze (D:1)
1 creature vanquished.

Grand Total: 28 creatures vanquished

Notes
Turn   | Place    | Note
-------+----------+-------------------------------------------
     0 | D:1      | jerryfan the Draconian Transmuter began the quest for the
                  | Orb.
     0 | D:1      | Reached XP level 1. HP: 16/16 MP: 3/3
   366 | D:1      | Reached XP level 2. HP: 23/23 MP: 3/5
   370 | D:1      | Learned a level 2 spell: Sticks to Snakes
   893 | D:2      | Found a glowing golden altar of the Shining One.
   942 | D:2      | Found a stormy altar of Qazlal.
   942 | D:2      | Found a hazy altar of Hepliaklqana.
  1053 | D:2      | Reached XP level 3. HP: 28/28 MP: 6/6
  1115 | D:2      | Learned a level 3 spell: Spider Form
  1570 | D:2      | Found a runed door.
  1650 | D:2      | Noticed Crazy Yiuf
  1657 | D:2      | HP: 1/29 [Crazy Yiuf/quarterstaff of chaos (15)]
  1657 | D:2      | Slain by Crazy Yiuf

Skill      XL: |  1  2 |
---------------+-------+-----
Dodging        | 2 |  2.1
Fighting       | |  1.7
Unarmed Combat | |  3.2
Spellcasting   | |  2.2
Transmutations | |  2.6

Action                   || total
-------------------------++-------
Melee: Unarmed           ||    86
       Tailslap          ||    10
       Headbutt          ||     3
       Kick              ||     2
 Cast: Beastly Appendage ||    10
       Sticks to Snakes  ||     7
  Use: Scroll            ||     3
  Eat: Chunk             ||     3
Armor: Skin              ||    18
Dodge: Dodged            ||    45
